Map: Jagannatha LE

Players

Alex

  • Race: Protoss Protoss
  • League: Platinum
  • Spawn Location: 7:00

Massa - Winner!

  • Race: Terran Terran
  • League: Platinum
  • Spawn Location: 1:00

VOD

Have the link to the VOD?

Description

Time

  • Played on: Oct. 4, 2020, 2:55 p.m.
  • Length: 12:31
Show
View Real Time Build Order
Export as new Build Order

Alex Protoss 

Build Orders:  

Get SALT Encoding   

  12  0:00  Probe  
  13  0:12  Probe  
  14  0:18  Pylon  
  14  0:24  Probe  
  15  0:37  Gateway  
  15  0:38  Probe (Chrono Boost)  
  17  0:50  Probe (Chrono Boost)  
  17  0:52  Assimilator  
  17  0:55  Probe (Chrono Boost)  
  18  0:59  Assimilator  
  18  1:04  Probe  
  19  1:17  Probe  
  20  1:24  Cybernetics Core  
  20  1:32  Probe  
  20  1:36  Pylon  
  20  1:44  Probe  
  21  1:56  Probe  
  21  1:57  Warp Gate (Chrono Boost)  
  21  1:59  Nexus  
  22  2:08  Probe  
  22  2:15  Adept  
  25  2:21  Probe  
  26  2:24  Pylon  
  26  2:33  Probe  
  26  2:45  Probe  
  27  2:57  Probe  
  28  3:06  Robotics Facility  
  28  3:07  Gateway  
  28  3:09  Gateway  
  28  3:11  Pylon  
  28  3:13  Probe x2  
  30  3:25  Probe x2  
  32  3:31  Stalker  
  34  3:37  Probe x2  
  36  3:44  Assimilator  
  36  3:46  Assimilator  
  36  3:48  Pylon  
  36  3:49  Probe x2  
  38  4:03  Probe x2  
  38  4:08  Stalker  
  38  4:09  Sentry  
  44  4:11  Sentry  
  44  4:15  Probe x2  
  48  4:27  Probe x2  
  50  4:33  Stalker x2  
  52  4:39  Probe x2, Forge  
  52  4:45  Observer (Chrono Boost)  
  55  4:48  Stalker  
  55  4:51  Probe x2  
  59  4:58  Observer (Chrono Boost)  
  59  4:59  Pylon  
  60  5:02  Pylon, Stalker x2  
  60  5:03  Probe x2  
  66  5:12  Stalker  
  68  5:16  Probe x2  
  70  5:25  Stalker  
  70  5:26  Stalker  
  71  5:41  Probe, Photon Cannon  
  71  5:42  Probe  
  73  5:44  Stalker  
  75  5:54  Probe x2  
  75  5:55  Stalker  
  79  5:57  Nexus  
  79  6:04  Stalker  
  79  6:06  Probe x2  
  83  6:12  Photon Cannon  
  83  6:14  Pylon  
  83  6:17  Pylon  
  83  6:18  Probe x2  
  84  6:38  Stalker  
  84  6:39  Stalker x2  
  90  6:40  Probe x2  
  92  6:52  Probe  
  92  6:53  Probe  
  94  6:56  Gateway  
  94  6:59  Gateway  
  94  7:04  Probe  
  94  7:05  Probe  
  66  7:33  Stalker  
  66  7:34  Stalker x2  
  72  7:47  Warp Prism  
  70  7:54  Stalker x2  
  70  7:58  Probe x3  
  73  8:00  Assimilator  
  73  8:03  Assimilator  
  75  8:06  Gateway x2  
  75  8:10  Gateway  
  75  8:12  Probe x3, Gateway  
  78  8:14  Stalker x3  
  78  8:19  Stalker x2  
  88  8:24  Twilight Council  
  88  8:29  Probe x3  
  91  8:43  Probe x2  
  91  8:44  Probe  
  91  8:45  Stalker x3  
  91  8:46  Stalker x2  
  104  8:49  Nexus  
  104  8:50  Pylon  
  104  8:51  Pylon  
  104  9:05  Protoss Ground Weapons Level 1 (Chrono Boost)  
  104  9:09  Stalker  
  106  9:10  Stalker x5  
  106  9:11  Stalker x3  
  106  9:13  Blink (Chrono Boost)  
  100  9:48  Stalker x4  
  100  9:49  Stalker x3  
  100  9:50  Stalker x2  
  92  10:23  Stalker x4  
  92  10:24  Stalker x3  
  92  10:25  Stalker  
  92  10:28  Stalker  
  88  10:49  Stalker x2  
  90  10:50  Stalker x5  
  90  10:51  Stalker  
  90  10:52  Stalker  
  104  10:59  Probe x4  
  108  11:11  Probe x3  
  107  11:17  Stalker x4  
  107  11:18  Stalker x4  
  93  11:19  Stalker  
  93  11:43  Stalker x4  
  93  11:44  Stalker x4  
  93  11:45  Stalker  
  99  11:49  Immortal  
  103  12:03  Assimilator  
  103  12:07  Assimilator  
  103  12:11  Zealot x3  
  103  12:12  Zealot, Sentry x3  
  103  12:13  Stalker, Sentry  
Show
View Real Time Build Order
Export as new Build Order

Massa Terran - Winner!

Build Orders:  

Get SALT Encoding   

  12  0:00  SCV  
  13  0:12  SCV  
  14  0:17  Supply Depot  
  14  0:24  SCV  
  15  0:39  SCV  
  15  0:40  Barracks  
  16  0:46  Refinery  
  16  0:51  SCV  
  17  1:03  SCV  
  18  1:15  SCV  
  19  1:27  SCV  
  20  1:37  Reaper  
  22  1:41  Orbital Command  
  22  1:46  Command Center  
  21  2:07  Supply Depot  
  21  2:10  Marine  
  21  2:11  Factory  
  22  2:16  SCV  
  23  2:28  SCV  
  23  2:29  Barracks Reactor  
  24  2:55  SCV  
  25  3:00  Orbital Command  
  25  3:04  Refinery  
  25  3:06  Starport  
  25  3:09  Engineering Bay  
  25  3:12  Command Center  
  27  3:20  Hellion x2  
  27  3:22  Marine  
  27  3:27  SCV  
  31  3:29  SCV  
  32  3:40  Marine  
  35  3:41  Hellion x2  
  35  3:43  SCV  
  35  3:45  SCV  
  39  3:55  SCV  
  40  3:57  SCV  
  40  4:00  Barracks Tech Lab  
  41  4:07  SCV  
  41  4:09  SCV  
  43  4:10  Factory Tech Lab  
  43  4:11  Medivac  
  43  4:12  Barracks  
  45  4:17  Missile Turret  
  45  4:21  SCV, Missile Turret  
  46  4:24  SCV  
  46  4:27  Orbital Command  
  46  4:33  SCV  
  46  4:36  SCV  
  46  4:38  Missile Turret  
  49  4:45  SCV  
  49  4:48  SCV  
  50  4:54  SCV  
  50  4:57  SCV, Marauder  
  50  4:58  Stimpack  
  54  5:00  SCV, Siege Tank  
  54  5:06  SCV  
  59  5:09  SCV  
  56  5:39  Refinery  
  56  5:42  Refinery, Orbital Command  
  56  5:45  Marauder, Marine x2  
  60  6:03  Marine  
  61  6:07  Supply Depot x2  
  61  6:09  Supply Depot  
  61  6:11  Supply Depot  
  61  6:29  SCV x3, Marauder, Marine, Medivac  
  69  6:38  Concussive Shells  
  64  6:40  Marine  
  64  6:41  SCV  
  64  6:42  Siege Tank  
  64  6:44  SCV x2  
  64  6:46  Marine  
  71  6:50  Terran Infantry Armor Level 1  
  71  6:51  Marauder  
  71  6:53  SCV  
  71  6:54  Engineering Bay  
  75  6:56  SCV x2  
  75  6:57  Marine  
  75  7:01  Armory  
  78  7:12  Marauder  
  58  7:23  Marine x2  
  57  7:32  SCV  
  57  7:33  SCV x2, Marauder  
  62  7:41  Marine x2  
  63  7:45  SCV x2  
  65  7:55  Marauder  
  65  7:58  Siege Tank  
  70  7:59  Marine x2  
  70  8:04  Barracks x2  
  72  8:10  Combat Shield  
  72  8:13  Barracks, Terran Vehicle Weapons Level 1  
  72  8:14  Terran Infantry Weapons Level 1  
  72  8:16  Marauder, Marine  
  72  8:17  Marine  
  72  8:18  SCV x3  
  79  8:27  Command Center  
  79  8:30  SCV x3  
  79  8:32  Missile Turret  
  82  8:34  Marine  
  82  8:36  Missile Turret  
  82  8:38  Marauder  
  82  8:40  Barracks  
  85  8:42  Barracks  
  85  8:45  Marine  
  86  8:51  Refinery  
  86  8:52  Refinery, Marine, Missile Turret, Siege Tank  
  90  8:59  Marauder, Ghost Academy  
  90  9:02  Terran Infantry Armor Level 2, Ghost Academy  
  92  9:03  Marine  
  92  9:09  Armory  
  93  9:13  Starport Reactor  
  93  9:16  Barracks Reactor  
  93  9:24  Marine  
  93  9:28  Marine, Siege Tank  
  93  9:30  Marauder, Supply Depot  
  87  9:32  Supply Depot  
  75  9:42  Marine  
  74  9:46  Marine  
  74  9:51  Marauder  
  77  9:54  Supply Depot  
  77  9:56  Barracks Reactor, Barracks Tech Lab x2, Supply Depot  
  77  9:57  Barracks Tech Lab  
  77  9:58  Marine x2  
  79  10:00  Marine  
  74  10:12  Marauder  
  74  10:17  Supply Depot  
  74  10:21  Supply Depot  
  67  10:22  Siege Tank  
  67  10:23  Marauder  
  67  10:24  Marauder x2  
  67  10:25  Marine  
  67  10:26  Marine x3  
  74  10:34  Marauder  
  65  10:43  Marine x3, Supply Depot  
  65  10:44  Marine  
  65  10:45  Marauder x2, Marine  
  65  10:47  Marine  
  65  10:48  Marine  
  75  10:55  Marauder, Siege Tank  
  80  10:57  Medivac  
  80  10:58  Medivac  
  80  11:00  SCV  
  80  11:01  SCV, Marine x4  
  80  11:03  Marauder  
  92  11:04  SCV  
  92  11:05  Marine  
  92  11:06  Marauder, Marine x2  
  98  11:12  SCV  
  98  11:16  Marine  
  90  11:19  Marine x3  
  90  11:22  Marine  
  90  11:23  Marine x2  
  90  11:24  Marauder x2  
  100  11:27  Sensor Tower, Siege Tank  
  100  11:28  SCV, Marauder  
  100  11:29  SCV  
  105  11:34  Marauder  
  105  11:36  Marine  
  101  11:45  Marauder  
  101  11:46  Marauder  
  104  11:49  Marauder  
  104  11:53  SCV x3  
  110  11:54  Orbital Command  
  112  12:05  SCV x3  
  115  12:17  SCV x3  
Tags
 
Add a new tag
Caveats
  • Supply blocks, unpowered buildings, or Contaminate may cause inaccurate times.
  • Supply counts are checked every 10 seconds.